 Dungeon Crawl Stone Soup version 0.29.0-4-gdea44cf6ec (webtiles) character file.

Game seed: 14954618429587585416

491 qw the Chopper (level 7, 0/40 HPs)
             Began as a Tengu Warper on Aug 28, 2022.
             Slain by Pikel
             ... wielding a +2 whip of flaming
              (6 damage)
             ... on level 4 of the Dungeon.
             The game lasted 00:00:21 (3814 turns).

qw the Chopper (Tengu Warper)                       Turns: 3814, Time: 00:00:22

Health: 0/40       AC: 12    Str: 14    XL:     7   Next: 14%
Magic:  11/11      EV:  5    Int: 13    God:
Gold:   233        SH:  0    Dex: 13    Spells: 10/10 levels left

rFire   . . .      SeeInvis .   Y - +0 war axe
rCold   . . .      Faith    .   (no shield)
rNeg    . . .      Spirit   .   e - +0 plate armour
rPois   .          Reflect  .   (helmet restricted)
rElec   .          Harm     .   l - +0 cloak
rCorr   .          Rampage  .   (no gloves)
Will    .....                   (boots unavailable)
Stlth   ..........              (no amulet)
HPRegen 0.13/turn               (no ring)
MPRegen 0.12/turn               (no ring)

@: flying quickly and evasively, quick
A: beak, talons 3, nimble flight
a: no special abilities


You were on level 4 of the Dungeon.
You visited 1 branch of the dungeon, and saw 4 of its levels.

You collected 233 gold pieces.


Innate Abilities, Weirdness & Mutations

You have a beak for a mouth.
You have claws for feet.
Your magical nature lets you fly swiftly and evasively.


   Skills:
 + Level 2.4 Fighting
 - Level 7.4 Axes
 - Level 1.0 Throwing
 - Level 3.2 Armour
 - Level 2.1 Dodging
 - Level 2.0 Spellcasting
 - Level 2.4 Translocations


You had 10 spell levels left.
You didn't know any spells.
Your spell library contained the following spells:

 Spells                   Type           Power      Damage    Failure   Level
 Blink                    Tloc           14%        N/A       100%        2
 Gell's Gravitas          Tloc           7%         N/A       100%        3
 Lesser Beckoning         Tloc           7%         N/A       100%        3
 Teleport Other           Tloc           7%         N/A       100%        3
 Manifold Assault         Tloc           7%         N/A       100%        5

Inventory:

Hand Weapons
 c - a +0 flail
 Y - a +0 war axe (weapon)
Armour
 e - a +0 plate armour (worn)
 l - a +0 cloak (worn)
Scrolls
 g - a scroll of identify
Potions
 a - a potion of experience {unknown}
 b - a potion of heal wounds {unknown}
 d - a potion of mutation
 f - 2 potions of lignification {unknown}
 h - a potion of might
 i - 3 potions of curing

Dungeon Overview and Level Annotations

Branches:
Dungeon (4/15)
 Temple: D:4-7

Altars:
The Shining One

Annotations:
D:3 2 transporters, qw's ghost, amateur TeWr
D:4 Pikel


Message History

The lemure hits you but does no damage.
A lemure comes into view. x2
Pikel, Merchant of Souls comes into view.
He is wielding a +2 whip of flaming.
Pikel shouts!
You hit the lemure.
The lemure is moderately wounded.
The lemure hits you.
You hit the lemure. You claw the lemure, but do no damage.
Your peck misses the lemure.
The lemure is moderately wounded.
The lemure hits you.
You slash Pikel! You peck Pikel, but do no damage.
Pikel is lightly wounded.
Pikel hits you with a +2 whip of flaming.
Pikel burns you.
You closely miss Pikel. You peck Pikel. You punch Pikel, but do no damage.
Pikel is moderately wounded.
Pikel hits you with a +2 whip of flaming.
Pikel burns you.
You closely miss Pikel. Your kick misses Pikel.
Pikel is moderately wounded.
Pikel hits you with a +2 whip of flaming.
Pikel burns you.
You closely miss Pikel. Your peck misses Pikel.
Pikel is moderately wounded.
Pikel barely misses you.
You barely miss Pikel. Your kick misses Pikel.
Pikel is lightly wounded.
Pikel hits you with a +2 whip of flaming.
Pikel burns you.
You hit Pikel.
Pikel is moderately wounded.
Pikel hits you but does no damage.
You hit Pikel. You claw Pikel.
Pikel is heavily wounded.
Pikel hits you but does no damage. x2
You hit Pikel. Your kick misses Pikel.
Pikel is severely wounded.
Pikel hits you with a +2 whip of flaming.
You die...

.##........######
...##.###......#
#.............######
###....######......#####
##.#.# ####.#.....#
#.#<# #.#####.. # #.##
#.# ### #..# #.# ##@#
#.# #K# #.# #K5 #.# #5..
#.# #./.. ##.... .....
?.....


You could see Pikel, 2 lemures and a kobold.

Vanquished Creatures
  Sigmund (D:4)
  A lemure (D:4)
  A scorpion (D:2)
  A hound (D:4)
  An iguana (D:4)
  An orc wizard (D:4)
  8 adders
  A worm (D:3)
  4 dart slugs
  4 orcs (D:4)
  2 endoplasms
  3 giant cockroaches
  9 goblins
  9 hobgoblins
  4 jackals (D:1)
  4 quokkas
  11 ball pythons
  12 bats
  4 frilled lizards
  8 kobolds
  5 rats
94 creatures vanquished.

Notes
Turn   | Place    | Note
-------+----------+-------------------------------------------
     0 | D:1      | qw the Tengu Warper began the quest for the Orb.
     0 | D:1      | Reached XP level 1. HP: 12/12 MP: 4/4
     0 | D:1      | 0 ||| qw: Version: 0.1-a-89-g26bdef1
     0 | D:1      | 0 ||| qw: Game counter: 2937
     0 | D:1      | 0 ||| qw: Always use a shield: true
     0 | D:1      | 0 ||| qw: God list: Okawaru
     0 | D:1      | 0 ||| qw: Allow faded altars: false
     0 | D:1      | 0 ||| qw: Do Orc after D:15 true
     0 | D:1      | 0 ||| qw: Do second Lair branch before Depths: true
     0 | D:1      | 0 ||| qw: Lair rune preference: random
     0 | D:1      | 0 ||| qw: Plans: Normal
     0 | D:1      | 0 ||| PLANNING D:1-11
     7 | D:1      | 7 ||| Stepping ~*~*~tactically~*~*~ (hiding).
   132 | D:1      | Reached XP level 2. HP: 17/17 MP: 6/6
   140 | D:1      | Reached skill level 3 in Axes
   348 | D:1      | 348 ||| Stepping ~*~*~tactically~*~*~ (stealth).
   521 | D:1      | 521 ||| DROPPING +0 club.
   568 | D:1      | 568 ||| Stepping ~*~*~tactically~*~*~ (stealth).
   639 | D:1      | Reached XP level 3. HP: 21/21 MP: 7/7
   958 | D:1      | Reached skill level 4 in Axes
  1057 | D:1      | 1057 ||| Stepping ~*~*~tactically~*~*~ (hiding).
  1174 | D:1      | Found a faded altar of an unknown god.
  1238 | D:1      | 1238 ||| UPGRADING to +0 plate armour.
  1248 | D:1      | 1248 ||| DROPPING +0 leather armour.
  1249 | D:1      | 1249 ||| READING scroll labelled JAM AQYEMA.
  1250 | D:1      | 1250 ||| READING 2 scrolls labelled WUOF YPOYSHRIA.
  1251 | D:1      | 1251 ||| READING 2 scrolls labelled BOULUM FUIDUYMM.
  1252 | D:1      | 1252 ||| READING scroll labelled FULOMA URUFU.
  1253 | D:1      | 1253 ||| DRINKING 2 lumpy black potions.
  1254 | D:1      | 1254 ||| DROPPING scroll of blinking.
  1255 | D:1      | 1255 ||| DROPPING scroll of butterflies.
  1363 | D:2      | 1363 ||| Stepping ~*~*~tactically~*~*~ (stealth).
  1364 | D:2      | 1364 ||| Stepping ~*~*~tactically~*~*~ (stealth).
  1376 | D:2      | Reached XP level 4. HP: 26/26 MP: 8/8
  1635 | D:2      | 1635 ||| Stepping ~*~*~tactically~*~*~ (hiding).
  1853 | D:2      | Noticed a scorpion
  1871 | D:2      | Killed a scorpion
  1871 | D:2      | HP: 6/26 [poisoned by a scorpion]
  1872 | D:2      | Reached skill level 5 in Axes
  1872 | D:2      | Gained mutation: Your magical nature lets you fly swiftly
                  | and evasively. [Tengu growth]
  1872 | D:2      | Reached XP level 5. HP: 7/30 MP: 9/9
  2387 | D:2      | Reached skill level 6 in Axes
  2602 | D:2      | 2602 ||| UPGRADING to +0 cloak.
  2607 | D:2      | 2607 ||| READING scroll labelled ERGHOT JAEKHLY.
  2608 | D:2      | 2608 ||| READING scroll labelled NAWUED ZUISIH.
  2609 | D:2      | 2609 ||| DRINKING 3 fuming sapphire potions.
  2610 | D:2      | 2610 ||| READING 4 scrolls of identify.
  2610 | D:2      | 2610 ||| IDENTIFYING pink potion
  2611 | D:2      | 2611 ||| READING 3 scrolls of identify.
  2611 | D:2      | 2611 ||| IDENTIFYING ruby potion
  2612 | D:2      | 2612 ||| READING 2 scrolls of identify.
  2612 | D:2      | 2612 ||| IDENTIFYING bubbling black potion
  2613 | D:2      | 2613 ||| DROPPING potion of degeneration.
  2614 | D:2      | 2614 ||| DROPPING potion of flight.
  2615 | D:2      | 2615 ||| Stepping randomly (stuck).
  2616 | D:2      | 2616 ||| Stepping ~*~*~tactically~*~*~ (cloud).
  2858 | D:3      | Found a transporter.
  2858 | D:3      | Noticed qw's ghost (amateur TeWr)
  2935 | D:3      | 2935 ||| READING scroll of enchant weapon.
  2935 | D:3      | 2935 ||| ENCHANTING +1 hand axe.
  2946 | D:3      | Found a glowing golden altar of the Shining One.
  3081 | D:3      | 3081 ||| Stepping ~*~*~tactically~*~*~ (stealth).
  3082 | D:3      | 3082 ||| Stepping ~*~*~tactically~*~*~ (stealth).
  3180 | D:3      | 3180 ||| SWAPPING to +0 war axe.
  3181 | D:3      | 3181 ||| DROPPING +2 hand axe.
  3238 | D:3      | Found a transporter.
  3311 | D:3      | 3311 ||| READING scroll labelled GUKHIB DEETU.
  3339 | D:4      | Noticed Sigmund
  3342 | D:4      | Reached XP level 6. HP: 22/35 MP: 10/10
  3343 | D:4      | Reached skill level 3 in Armour
  3350 | D:4      | 3350 ||| FLEEEEING.
  3351 | D:4      | 3351 ||| FLEEEEING.
  3355 | D:4      | 3355 ||| FLEEEEING.
  3356 | D:4      | 3356 ||| STAIRDANCE
  3499 | D:4      | 3499 ||| STAIRDANCE
  3510 | D:4      | Killed Sigmund
  3511 | D:4      | Reached skill level 7 in Axes
  3511 | D:4      | Reached XP level 7. HP: 22/40 MP: 11/11
  3669 | D:4      | 3669 ||| DROPPING +0 whip.
  3730 | D:4      | 3730 ||| Stepping ~*~*~tactically~*~*~ (stealth).
  3732 | D:4      | 3732 ||| Stepping ~*~*~tactically~*~*~ (stealth).
  3804 | D:4      | Noticed Pikel
  3811 | D:4      | HP: 8/40 [Pikel/+2 whip of flaming (4)]
  3814 | D:4      | Slain by Pikel

Levels and vault maps discovered:
D:1:      dpeg_arrival_radiant, layout_loops_ring,
          dreamdust_ecumenical_altar_angels_and_demons
D:2:      layout_basic, minmay_divided_ellipse
D:3:      layout_rooms, mainiacjoe_overflow_tiny_flanked,
          gammafunk_ghost_mausoleum
D:4:      layout_rooms, uniq_sigmund, uniq_edmund, uniq_pikel

Skill      XL: |  1  2  3  4  5  6 |
---------------+-------------------+-----
Axes           | 3 4 5 6 7 |  7.4
Armour         | 2 3 |  3.2
Fighting       | |  2.4
Throwing       | |  1.0
Dodging        | |  2.1
Spellcasting   | |  2.0
Translocations | |  2.4

Action                   |  1- 3 |  4- 6 |  7- 9 || total
-------------------------+-------+-------+-------++-------
Melee: Hand axe          |    67 |   108 |       ||   175
       Kick              |    17 |    22 |     7 ||    46
       Peck              |     4 |    14 |     4 ||    22
       Punch             |     1 |     1 |     1 ||     3
       War axe           |       |    20 |    24 ||    44
Throw: Boomerang         |     7 |       |       ||     7
  Use: Scroll            |     4 |     7 |       ||    11
       Potion            |     1 |     1 |       ||     2
Armor: Leather armour    |     9 |       |       ||     9
       Plate armour      |     6 |    92 |    11 ||   109
Dodge: Dodged            |    31 |    26 |     6 ||    63

Table legend:
 A = Non-vault XP
 B = Vault XP
 C = Vault XP percentage of total XP
 D = Non-vault monster count
 E = Vault monster count
 F = Vault count percentage of total count
                 A         B        C        D         E       F
            +---------+---------+-------+---------+---------+-------
      Total |     317 |     385 |  54.8 |      79 |      14 |  15.1
            +---------+---------+-------+---------+---------+-------
        D:1 |      56 |       0 |   0.0 |      31 |       0 |   0.0
        D:2 |      86 |     142 |  62.3 |      24 |      13 |  35.1
        D:3 |      36 |       0 |   0.0 |      12 |       0 |   0.0
        D:4 |     139 |     243 |  63.6 |      12 |       1 |   7.7
            +---------+---------+-------+---------+---------+-------
